 Dungeon Crawl Stone Soup version 0.28.0-47-ge53b351184 (webtiles) character file.

Game seed: 4525116781179694103

21 Kangaroobicon the Covered (level 2, 0/19 HPs)
             Began as a Gargoyle Fighter on Apr 29, 2022.
             Slain by a jackal (3 damage)
             ... on level 1 of the Dungeon.
             The game lasted 00:03:52 (504 turns).

Kangaroobicon the Covered (Gargoyle Fighter)         Turns: 504, Time: 00:03:52

Health: 0/19       AC:  9    Str: 19    XL:     2   Next: 83%
Magic:  2/2        EV:  9    Int:  8    God:
Gold:   9          SH:  4    Dex:  9    Spells: 1/1 levels left

rFire   . . .      SeeInvis .   a - +0 flail
rCold   . . .      Faith    .   c - +0 buckler
rNeg    + . .      Spirit   .   b - +0 scale mail
rPois   ∞          Reflect  .   (no helmet)
rElec   +          Harm     .   (no cloak)
rCorr   .          Rampage  .   (no gloves)
Will    .....                   (no boots)
Stlth   ..........              (no amulet)
HPRegen 0.06/turn               (no ring)
MPRegen 0.08/turn               (no ring)

@: no status effects
A: sickness immunity, AC +2, negative energy resistance 1, electricity
resistance, torment resistance 1, petrification resistance
a: no special abilities


You were on level 1 of the Dungeon.
You visited 1 branch of the dungeon, and saw 1 of its levels.

You collected 9 gold pieces.

Inventory:

Hand Weapons
 a - a +0 flail (weapon)
Missiles
 e - 22 sling bullets
 j - 11 stones (quivered)
Armour
 b - a +0 scale mail (worn)
 c - a +0 buckler (worn)
Scrolls
 g - a scroll of enchant armour {unknown}
 h - a scroll of amnesia {unknown}
Potions
 d - a potion of might
 f - a potion of heal wounds {unknown}
 i - a potion of degeneration {unknown}


   Skills:
 + Level 3.6 Fighting
 + Level 2.1 Maces & Flails
 + Level 3.8 Armour
 + Level 0.1 Dodging
 + Level 3.5 Shields


You had one spell level left.
You didn't know any spells.
Your spell library was empty.

Dungeon Overview and Level Annotations

Branches:
Dungeon (1/15)

Altars:


Innate Abilities, Weirdness & Mutations

You are immune to sickness and miasma.
Your stone body is resilient. (AC +2)
You are immune to poison.
You resist negative energy. (rN+)
You are resistant to electric shocks. (rElec)
You are resistant to unholy torment.
You are immune to petrification.


Message History

The hobgoblin closely misses you. The giant cockroach barely misses you.
You block the jackal's attack. The jackal closely misses you.
You hit the giant cockroach but do no damage.
The giant cockroach is almost dead.
The jackal bites you. The giant cockroach barely misses you.
The hobgoblin barely misses you.
The jackal bites you but does no damage.
The jackal completely misses you. The giant cockroach closely misses you.
The hobgoblin misses you.
The jackal bites you but does no damage.
You hit the giant cockroach but do no damage.
The giant cockroach is almost dead.
The jackal bites you.
* * * LOW HITPOINT WARNING * * *
The jackal bites you but does no damage.
You block the giant cockroach's attack.
The jackal bites you but does no damage.
The hobgoblin closely misses you.
The jackal bites you but does no damage.
You hit the giant cockroach.
You kill the giant cockroach!
The jackal barely misses you. The hobgoblin barely misses you.
The jackal closely misses you.
The jackal stops to sniff the ground.
The jackal barely misses you. You block the jackal's attack.
You hit the hobgoblin.
You kill the hobgoblin!
The jackal bites you but does no damage.
You block the jackal's attack.
The jackal bites you but does no damage. x2
The jackal barely misses you.
The jackal bites you but does no damage.
You barely miss the jackal. The jackal closely misses you.
The jackal bites you but does no damage.
You block the jackal's attack.
The jackal bites you but does no damage.
The jackal bites you.
* * * LOW HITPOINT WARNING * * *
You closely miss the jackal. The jackal bites you.
You die...

.........#
.........#
.........+
.........# ..
.........+ ...
.........# ...
......h†h##### #.
......h@.....# #.
#######......# #.
##......#### #.
#..........# #.
#..........# #.
#..........# #.
#..........#######.
#................'.
##################.


You could see 3 jackals.

Vanquished Creatures
  A ball python (D:1)
  An endoplasm (D:1)
  A giant cockroach (D:1)
  A goblin (D:1)
  2 hobgoblins (D:1)
  4 jackals (D:1)
  A kobold (D:1)
  A quokka (D:1)
  A bat (D:1)
  A frilled lizard (D:1)
  4 rats (D:1)
18 creatures vanquished.

Notes
Turn   | Place    | Note
-------+----------+-------------------------------------------
     0 | D:1      | Kangaroobicon the Gargoyle Fighter began the quest for the
                  | Orb.
     0 | D:1      | Reached XP level 1. HP: 14/14 MP: 1/1
    29 | D:1      | Reached XP level 2. HP: 12/19 MP: 2/2
   504 | D:1      | Slain by a jackal

Illustrated notes

Levels and vault maps discovered:
D:1:      minmay_arrival_solitary_statue, layout_basic, minmay_misc_feat_doors

Action                   || total
-------------------------++-------
Melee: Flail             ||    56
Armor: Scale mail        ||    61
Dodge: Dodged            ||    62
Block: Buckler           ||    20
